 Dungeon Crawl Stone Soup version 0.31-a0-240-gb923e448b6 (webtiles) character file.

Game seed: 16459852219517655961

23 qw the Shooter (level 3, -1/21 HPs)
             Began as a Gargoyle Hexslinger on July 12, 2023.
             Slain by Natasha (2 damage)
             ... on level 2 of the Dungeon.
             The game lasted 00:00:17 (813 turns).

qw the Shooter (Gargoyle Hexslinger)                 Turns: 813, Time: 00:00:17

Health: -1/21      AC:  8    Str: 11    XL:     3   Next: 0%
Magic:  4/4        EV: 10    Int: 13    God:
Gold:   61         SH:  0    Dex: 14    Spells: 3/4 levels left

rFire   . . .        a - +1 sling
rCold   . . .        (no shield)
rNeg    + . .        g - +0 ring mail
rPois   inf          (no helmet)
rElec   +            (no cloak)
rCorr   .            (no gloves)
SInv    .            (no boots)
Will    .....        (no amulet)
Stlth   +            (no ring)
HPRegen 0.23/turn    (no ring)
MPRegen 0.09/turn

%: no passive effects
@: slowed, very slow
A: sickness immunity, AC +3, negative energy resistance 1, electricity
resistance, torment resistance 1, petrification resistance
a: no special abilities


You were on level 2 of the Dungeon.
You visited 1 branch of the dungeon, and saw 2 of its levels.

You collected 61 gold pieces.


Innate Abilities, Weirdness & Mutations

You are immune to sickness and miasma.
Your stone body is resilient. (AC +3)
You are immune to poison.
You resist negative energy. (rN+)
You are resistant to electric shocks. (rElec)
You are resistant to unholy torment.
You are immune to petrification.


   Skills:
 + Level 1.9 Fighting
 - Level 3.0 Ranged Weapons
 - Level 1.5 Dodging
 - Level 1.0 Spellcasting
 - Level 2.6 Hexes


You had 3 spell levels left.
You knew the following spells:

 Your Spells              Type           Power      Damage    Failure   Level
a - Slow                  Hex            28%        N/A       22%         1

Your spell library contained the following spells:

 Spells                   Type           Power      Damage    Failure   Level
 Inner Flame              Hex/Fire       4%         N/A       75%         3
 Portal Projectile        Hex/Tloc       8%         N/A       75%         3
 Cause Fear               Hex            3%         N/A       92%         4

Inventory:

Hand Weapons
 a - a +1 sling (weapon)
Armour
 g - a +0 ring mail (worn)
Scrolls
 b - a scroll of torment {unknown}
Potions
 d - a potion of curing {unknown}
 e - a potion of enlightenment {unknown}
 f - a potion of might
 h - a potion of haste {unknown}

Dungeon Overview and Level Annotations

Branches:
Dungeon (2/15)

Altars:

Annotations:
D:2 Natasha


Message History

Natasha is moderately wounded.
The cerulean imp hits you from afar with a +2 spear.
Natasha completely misses you.
You shoot a sling bullet.
The sling bullet closely misses Natasha.
The cerulean imp hits you but does no damage.
Natasha completely misses you.
You shoot a sling bullet.
The sling bullet closely misses Natasha.
The cerulean imp barely misses you.
Natasha mewls in sadness.
Natasha closely misses you.
The cerulean imp hits you but does no damage.
Natasha closely misses you.
You shoot a sling bullet. The sling bullet barely misses Natasha.
The cerulean imp hits you but does no damage.
Natasha claws you.
You shoot a sling bullet.
The sling bullet closely misses Natasha.
The cerulean imp hits you from afar with a +2 spear.
Natasha claws you but does no damage. Natasha casts a spell at you.
The magic dart hits you.
The cerulean imp hits you but does no damage.
You shoot a sling bullet.
The sling bullet closely misses Natasha.
The cerulean imp barely misses you. Natasha casts a spell at you.
You resist with significant effort.
You shoot a sling bullet.
The sling bullet hits Natasha but does no damage.
Natasha is moderately wounded.
The cerulean imp barely misses you. Natasha claws you but does no damage.
You shoot a sling bullet. The sling bullet barely misses Natasha.
The cerulean imp completely misses you.
Natasha stares at you and mumbles some strange words.
You feel yourself slow down.
The cerulean imp hits you from afar with a +2 spear.
Natasha claws you.
You die...

.[.......# .........
......... ......... .#
........# ##.#
.....5..## #..# ...
.......h.#####.#####..#
.......@.............#
.........#...........#
.....................##
......(..#............#.
.........#.........# ...
..>......#.........# .#.
.........#.........##...
.......).#..............
........###..#####.#....


You could see Natasha and a cerulean imp (summoned).

Vanquished Creatures
  A dart slug (D:1)
  2 ball pythons (D:1)
  A bat (D:1)
  3 endoplasms (D:1)
  4 goblins
  2 hobgoblins (D:1)
  A quokka (D:1)
  2 kobolds (D:1)
  2 rats (D:1)
18 creatures vanquished.

Notes
Turn   | Place    | Note
-------+----------+-------------------------------------------
     0 | D:1      | qw the Gargoyle Hexslinger began the quest for the Orb.
     0 | D:1      | Reached XP level 1. HP: 12/12 MP: 2/2
     0 | D:1      | 0 ||| qw: Version: 0.3-a-52-g30416fa
     0 | D:1      | 0 ||| qw: Game counter: 6180
     0 | D:1      | 0 ||| qw: Melee chars always use a shield: true
     0 | D:1      | 0 ||| qw: God list: Okawaru
     0 | D:1      | 0 ||| qw: Allow faded altars: false
     0 | D:1      | 0 ||| qw: Do Orc after clearing Dungeon:15 true
     0 | D:1      | 0 ||| qw: Do second Lair branch before Depths: true
     0 | D:1      | 0 ||| qw: Lair rune preference: random
     0 | D:1      | 0 ||| qw: Goals: Normal
     0 | D:1      | 0 ||| PLANNING D:1-11
    99 | D:1      | Reached XP level 2. HP: 16/16 MP: 3/3
   339 | D:1      | Reached skill level 3 in Ranged Weapons
   727 | D:1      | 727 ||| UPGRADING to +0 ring mail.
   737 | D:1      | 737 ||| DROPPING +0 robe.
   738 | D:1      | 738 ||| DRINKING 2 sapphire potions.
   739 | D:1      | 739 ||| DROPPING scroll of poison.
   795 | D:2      | Reached XP level 3. HP: 21/21 MP: 4/4
   798 | D:2      | Noticed Natasha
   810 | D:2      | HP: 3/21 [cerulean imp/+2 spear[Natasha] (4)]
   813 | D:2      | HP: 1/21 [cerulean imp/+2 spear[Natasha] (2)]
   813 | D:2      | Slain by Natasha

Levels and vault maps discovered:
D:1:      dpeg_arrival_three_bigger_balls, layout_basic, minmay_heptomino_d4
D:2:      layout_rooms, serial_shops, nicolae_shop_rolled_up,
          nicolae_shop_temple_entry_statues_fountains, shop,
          nicolae_square_shop, minmay_indecisive_spiral, uniq_natasha

Skill      XL: |  1  2 |
---------------+-------+-----
Ranged Weapons | 3 |  3.0
Fighting       | |  1.9
Dodging        | |  1.5
Spellcasting   | |  1.0
Hexes          | |  2.6

Action                     || total
---------------------------++-------
   Fire: Sling             ||    67
    Use: Potion            ||     1
 Armour: Robe              ||     2
         Ring mail         ||    10
  Dodge: Dodged            ||    20

Table legend:
 A = Non-vault XP
 B = Vault XP
 C = Vault XP percentage of total XP
 D = Non-vault monster count
 E = Vault monster count
 F = Vault count percentage of total count
                 A         B        C        D         E       F
            +---------+---------+-------+---------+---------+-------
      Total |      29 |       5 |  14.7 |      15 |       3 |  16.7
            +---------+---------+-------+---------+---------+-------
        D:1 |      25 |       5 |  16.7 |      13 |       3 |  18.8
        D:2 |       4 |       0 |   0.0 |       2 |       0 |   0.0
            +---------+---------+-------+---------+---------+-------
